 Dungeon Crawl Stone Soup version 0.30-a0-857-gcaf70739d4 (webtiles) character file.

Game seed: 11884854906188659148

51 KleinerIrrer the Shield-Bearer (level 4, -3/40 HPs)
             Began as a Meteoran Fighter on Mar 5, 2023.
             Was a Follower of Makhleb.
             Slain by an orc
             ... wielding a +0 heavy hand axe
              (9 damage)
             ... on level 3 of the Dungeon.
             The game lasted 00:04:06 (905 turns).

KleinerIrrer the Shield-Bearer (Meteoran Fighter)    Turns: 905, Time: 00:04:06

Health: -3/40      AC:  7    Str: 20    XL:     4   Next: 25%
Magic:  5/5        EV:  9    Int:  9    God:    Makhleb [*.....]
Gold:   79         SH:  5    Dex: 13    Spells: 3/3 levels left

rFire   . . .      SeeInvis .    a - +0 flail
rCold   . . .      Faith    .    c - +0 buckler
rNeg    . . .      Spirit   .    b - +0 scale mail
rPois   .          Reflect  .    (no helmet)
rElec   .          Rampage  .    (no cloak)
rCorr   +                        (no gloves)
Will    .....                    (no boots) Stlth
                                 (no amulet)
HPRegen 0.26/turn                i - ring of resist corrosion
MPRegen 0.09/turn                (no ring)

@: mighty, glowing
A: sense surroundings 1, otherworldly, glowing, explore regen
a: Renounce Religion


You were on level 3 of the Dungeon.
You worshipped Makhleb.
Makhleb was aware of your devotion.
You visited 1 branch of the dungeon, and saw 3 of its levels.

You collected 79 gold pieces.

Inventory:

Hand Weapons
 a - a +0 flail (weapon)
Armour
 b - a +0 scale mail (worn)
 c - a +0 buckler (worn)
Jewellery
 i - a ring of resist corrosion (left hand)
 j - a ring of fire
Scrolls
 f - a scroll of enchant weapon {unknown}
 g - a scroll of amnesia {unknown}
 h - 2 scrolls of teleportation {unknown}
 l - a scroll of identify {unknown}
Potions
 e - 3 potions of heal wounds {unknown}
 k - a potion of mutation {unknown}


   Skills:
 - Level 3.7 Fighting
 * Level 3.6 Maces & Flails
 - Level 4.1 Armour
 - Level 4.2 Shields


You had 3 spell levels left.
You didn't know any spells.
Your spell library was empty.

Dungeon Overview and Level Annotations

Branches:
Dungeon (3/15) Zot: 863

Altars:
Makhleb

Shops:
D:2 :=


Innate Abilities, Weirdness & Mutations

You passively map a small area around you.
You are easily found by Zot.
You glow in the dark.
You regain HP and MP as you explore.


Message History

You miss the bat. The bat closely misses you. The bat barely misses you. x2
You miss the bat. The bat barely misses you.
You thump the bat!
You kill the bat!
Makhleb accepts your kill.
You barely miss the orc priest. The orc priest barely misses you.
The orc priest hits you with a +0 club.
You barely miss the orc priest. You closely miss the orc priest.
The orc priest looks satisfied for a moment.
You hit the orc priest.
The orc priest is lightly wounded.
The orc priest hits you but does no damage.
You block the orc's attack.
The orc priest hits you but does no damage.
You barely miss the orc priest.
The orc priest is lightly wounded.
The orc closely misses you.
The orc priest mumbles some strange prayers to Beogh against you.
You struggle to resist.
You barely miss the orc priest.
The orc priest is lightly wounded.
The orc closely misses you. The orc priest hits you with a +0 club.
You barely miss the orc priest.
The orc priest is lightly wounded.
The orc priest hits you but does no damage.
The orc hits you but does no damage.
You closely miss the orc priest.
The orc priest is lightly wounded.
The orc priest hits you but does no damage.
You block the orc priest's attack.
The orc hits you with a +0 heavy hand axe.
* * * LOW HITPOINT WARNING * * *
You feel very mighty all of a sudden. The orc priest hits you with a +0 club.
* * * LOW HITPOINT WARNING * * *
You barely miss the orc priest.
The orc priest is lightly wounded.
The orc hits you with a +0 heavy hand axe!
You die...

## ## , . .#.# * , ,
.#...# ### ...#.# ..##
#.##.# , , #.. #.##.#
* #.#### #.##.#
#.oo#####.##.### ,
#.##@...........# , ,
#oo*#######..#.#.#####
#.#. ####..#.......# ,
#!... #......†..#.#.#
*)..,..
#.##..........# ** ..#
..# # ##.###.#.#.# ,,
.. .# ##. #.# #.#.#.#
#.*
*#####...##.###.#.#.#
#..
..................#


You could see an orc priest and an orc.

Vanquished Creatures
  An adder (D:3)
  A dart slug (D:1)
  A ball python (D:3)
  3 endoplasms
  2 giant cockroaches (D:1)
  6 goblins
  6 hobgoblins
  2 kobolds
  3 quokkas
  5 bats
  A frilled lizard (D:1)
  2 rats
33 creatures vanquished.

Notes
Turn   | Place    | Note
-------+----------+-------------------------------------------
     0 | D:1      | KleinerIrrer the Meteoran Fighter began the quest for the
                  | Orb.
     0 | D:1      | Reached XP level 1. HP: 19/19 MP: 2/2
    51 | D:1      | Reached XP level 2. HP: 22/26 MP: 3/3
   146 | D:1      | Found a faded altar of an unknown god.
   153 | D:1      | Prayed at the altar of an unknown god.
   153 | D:1      | Became a worshipper of Makhleb the Destroyer
   153 | D:1      | Reached * piety under Makhleb
   265 | D:1      | Reached XP level 3. HP: 31/31 MP: 4/4
   504 | D:2      | Found Rodiumaa's Book Shop.
   522 | D:2      | Found Buzadirr's Jewellery Shop.
   595 | D:2      | Found Litu's Book Emporium.
   842 | D:3      | Reached XP level 4. HP: 40/40 MP: 5/5
   905 | D:3      | Slain by an orc

Illustrated notes

Levels and vault maps discovered:
D:1:      shiori_arrival_maze, layout_basic, shapermc_ecumenical_altar_petra,
          minmay_statues_item, minmay_misc_feat_tiny, solitary_fountain,
          minmay_hedge_maze
D:2:      layout_basic, serial_shops,
          nicolae_shop_temple_entry_statues_fountains,
          nicolae_shop_hallway_plus, nicolae_shop_competitors_out_of_business,
          shop, nicolae_elevator_lobby_plus
D:3:      layout_loops_ring, corexii_item_surrounded_by_moat,
          small_statue_alley_b, grunt_ministairs_3

Skill      XL: |  1  2  3 |
---------------+----------+-----
Maces & Flails | 3 |  3.6
Shields        | 4 |  4.2
Armour         | 4 |  4.1
Fighting       | |  3.7

Action                     |  1- 3 |  4- 6 || total
---------------------------+-------+-------++-------
  Melee: Flail             |    88 |    28 ||   116
    Use: Potion            |       |     1 ||     1
 Armour: Scale mail        |    45 |    19 ||    64
  Dodge: Dodged            |    44 |    19 ||    63
  Block: Buckler           |    18 |     9 ||    27

Table legend: (Time is in decaauts)
 A = Elapsed time spent in this place.
 B = Non-inter-level travel time spent in this place.
 C = Inter-level travel time spent in this place.
 D = Time resting spent in this place.
 E = Time spent auto-exploring this place.
 F = Levels seen in this place.
 G = Mean time per level.
                   A        B        C        D        E       F      G
               +--------+--------+--------+--------+--------+-----+--------+
         Total |    935 |    312 |    623 |      0 |     62 |   3 |  311.7 |
       Dungeon |    935 |    312 |    623 |      0 |     62 |   3 |  311.7 |
               +--------+--------+--------+--------+--------+-----+--------+

Top non-repeatable levels by time:
     D:2: 444 daAuts
     D:1: 336 daAuts
     D:3: 154 daAuts
